 Dungeon Sprint DCSS version 0.18-a0-1-gfac8111 (webtiles) character file.

694 HaroldButt the Basher (level 7, -5/88 HPs)
             Began as an Ogre Berserker on Oct 30, 2015.
             Was an Elder of Trog.
             Slain by a six-headed hydra (9 damage)
             ... in the Dungeon (Sprint IX: "|||||||||||||||||||||||||||||").
             The game lasted 00:02:40 (367 turns).

HaroldButt the Basher (Ogre Berserker)               Turns: 367, Time: 00:02:41

Health: -5/88      AC:  8    Str: 23    XL:     7   Next: 64%
Magic:  7/7        EV: 16    Int:  6    God:    Trog [****..]
Gold:   0          SH:  0    Dex: 14    Spells: 0 memorised, 6 levels left

rFire  . . .     SeeInvis .     n - +2 dire flail (protect)
rCold  . . .     Clarity  .     b - +0 animal skin
rNeg   . . .     SustAt   .     (no shield)
rPois  .         Gourm    .     (helmet restricted)
rElec  .         Spirit   .     (no cloak)
rCorr  .         Warding  .     (gloves unavailable)
rMut   .         NoTele   +     (boots unavailable)
MR     .....                    (no amulet)
Stlth  +.........               r - +3 ring of dexterity
                                q - +2 ring of evasion

@: exhausted, slowed, very slow, not resistant to hostile enchantments, very
unstealthy
A: unfitting armour, tough skin 1
a: Berserk, Trog's Hand, Brothers in Arms, Burn Spellbooks, Renounce Religion


You were in the Dungeon.
You worshipped Trog.
Trog was greatly pleased with you.
You were near starving.

You visited 1 branch

Inventory:

Hand Weapons
 a - a +0 mace
 n - a +2 dire flail of protection (weapon)
Armour
 b - a +0 animal skin (worn)
 o - a +0 pair of gloves
 p - a +0 cloak
Jewellery
 q - a +2 ring of evasion (left hand)
 r - a +3 ring of dexterity (right hand)
Wands
 m - a wand of fire (7)
Scrolls
 i - 2 scrolls of blinking
 l - 3 scrolls of remove curse
Potions
 d - 5 potions of curing
 e - 3 potions of heal wounds
 f - a potion of haste
 g - 4 potions of magic
 h - a potion of berserk rage
 k - a potion of invisibility
Comestibles
 c - a bread ration
 j - 2 chunks of flesh


   Skills:
 + Level 11.2 Fighting
 + Level 11.2 Maces & Flails
 + Level 6.5 Armour
 + Level 8.0 Dodging


You had 6 spell levels left.
You didn't know any spells.

Dungeon Overview and Level Annotations

Branches:
Dungeon (1/1)

Altars:
Cheibriados
Dithmenos
Elyvilon
Fedhas
Gozag
Kikubaaqudgha
Makhleb
Nemelex Xobeh
Okawaru
Qazlal
Ru
Sif Muna
Trog
Vehumet
Xom
Yredelemnul
Zin
The Shining One
Beogh
Jiyva
Lugonu


Innate Abilities, Weirdness & Mutations

You are too large for most types of armour.
You have tough skin (AC +1).


Message History

You see here a runed great mace {god gift}.
You feel a strong urge to attack something.
You are no longer berserk.
You are exhausted.
You feel yourself slow down.
You are feeling very hungry.
You see here a large rock.
Your troll goes berserk!
You are near starving!
The six-headed hydra completely misses you.
The six-headed hydra bites you.
* * * LOW HITPOINT WARNING * * *
The six-headed hydra misses you. The six-headed hydra barely misses you.
The six-headed hydra bites you.
* * * LOW HITPOINT WARNING * * *
The six-headed hydra bites you!
* * * LOW HITPOINT WARNING * * *
The six-headed hydra closely misses you.
The six-headed hydra misses you. The six-headed hydra bites you!
You die... ▓▓▓▓▓▓▓▓▓▓▓▓▓▓▓▓▓▓▓▓▓▓▓▓▓▓▓▓ ___'.?|)..[..†T.@D5yZ(.....+ ▓▓▓▓▓▓▓▓▓▓▓▓▓▓▓▓▓▓▓▓▓▓▓▓▓▓▓▓

You could see a six-headed hydra, a vampire mosquito, a shadow imp, a jackal skeleton and a friendly troll (berserk).

Vanquished Creatures
  A cyclops (D)
  An orc warrior (D)
  A giant frog (D)
  A killer bee (D)
  A crimson imp (D)
  A hound (D)
  3 adders (D)
  A shadow imp (D)
  An adder zombie (D)
  An orc (D)
  A bat skeleton (D)
  A giant cockroach (D)
  2 goblins (D)
  A kobold (D)
  A rat (D)
18 creatures vanquished.

Notes
Turn   | Place    | Note
--------------------------------------------------------------
     0 | D        | HaroldButt the Ogre Berserker began the quest for the Orb.
     0 | D        | Reached XP level 1. HP: 24/24 MP: 1/1
    17 | D        | Reached ** piety under Trog
   196 | D        | Noticed a crimson imp
   198 | D        | Reached *** piety under Trog
   198 | D        | Reached skill level 5 in Fighting
   198 | D        | Reached XP level 2. HP: 35/35 MP: 2/2
   200 | D        | Reached skill level 5 in Maces & Flails
   200 | D        | Reached skill level 1 in Armour
   205 | D        | Killed a crimson imp
   205 | D        | Reached skill level 6 in Fighting
   205 | D        | Reached XP level 3. HP: 44/44 MP: 3/3
   211 | D        | Reached XP level 4. HP: 53/53 MP: 4/4
   227 | D        | Found a glowing silver altar of Zin.
   227 | D        | Found a glowing golden altar of the Shining One.
   227 | D        | Found an ancient bone altar of Kikubaaqudgha.
   227 | D        | Found a basalt altar of Yredelemnul.
   227 | D        | Found a shimmering altar of Xom.
   227 | D        | Found a radiant altar of Vehumet.
   228 | D        | Found an iron altar of Okawaru.
   229 | D        | Found a burning altar of Makhleb.
   230 | D        | Found a deep blue altar of Sif Muna.
   231 | D        | Found a bloodstained altar of Trog.
   232 | D        | Found a sparkling altar of Nemelex Xobeh.
   233 | D        | Found a white marble altar of Elyvilon.
   234 | D        | Found a roughly hewn altar of Beogh.
   235 | D        | Found a viscous altar of Jiyva.
   236 | D        | Found a corrupted altar of Lugonu.
   237 | D        | Found a blossoming altar of Fedhas.
   238 | D        | Found a snail-covered altar of Cheibriados.
   239 | D        | Found a shadowy altar of Dithmenos.
   240 | D        | Found a stormy altar of Qazlal.
   241 | D        | Found an opulent altar of Gozag.
   242 | D        | Found a sacrificial altar of Ru.
   272 | D        | Noticed a giant frog
   272 | D        | Noticed a killer bee
   272 | D        | Noticed a hound
   272 | D        | Noticed an orc warrior
   275 | D        | Killed a giant frog
   275 | D        | Reached **** piety under Trog
   275 | D        | Reached skill level 7 in Fighting
   275 | D        | Reached skill level 5 in Dodging
   275 | D        | Reached XP level 5. HP: 62/62 MP: 5/5
   276 | D        | Killed a killer bee
   276 | D        | Reached skill level 8 in Fighting
   280 | D        | Killed a hound
   284 | D        | Killed an orc warrior
   284 | D        | Reached skill level 9 in Fighting
   284 | D        | Reached skill level 5 in Armour
   284 | D        | Reached XP level 6. HP: 76/76 MP: 6/6
   285 | D        | Reached ***** piety under Trog
   346 | D        | Noticed a cyclops
   346 | D        | Noticed a vampire mosquito
   346 | D        | Noticed a six-headed hydra
   355 | D        | Killed a cyclops
   355 | D        | Received a gift from Trog
   355 | D        | Reached skill level 11 in Fighting
   355 | D        | Reached XP level 7. HP: 57/88 MP: 7/7
   367 | D        | HP: 4/88 [six-headed hydra (11)]
   367 | D        | Slain by a six-headed hydra

Vault maps used:
D:        linesprint

Action                   |  1- 3 |  4- 6 |  7- 9 || total
-------------------------+-------+-------+-------++-------
Melee: Mace              |    40 |       |       ||    40
       Dire flail        |       |    21 |     5 ||    26
Invok: Berserk           |     1 |     2 |       ||     3
       Brothers in Arms  |       |       |     1 ||     1
